 Seeded DCSS version 0.31-a0-986-g5e6e4ef867 (webtiles) character file.

Game seed: 10330998962624985796 (custom seed)

1199 Hubris850 the Spear-Bearer (level 8, -13/58 HPs)
             Began as a Merfolk Fighter on Nov 13, 2023.
             Was a Priest of Zin.
             Mangled by Maggie
             ... wielding the +9 lance "Wyrmbane" {slay drac, rPois rF+ rC+ AC+3}
              (16 damage)
             ... on level 6 of the Dungeon.
             The game lasted 00:11:53 (5640 turns).

Hubris850 the Spear-Bearer (Merfolk Fighter)        Turns: 5640, Time: 00:11:54

Health: -13/58     AC:  8    Str: 18 (21) XL:     8   Next: 44%
Magic:  8/8        EV: 10    Int:  9 (11) God:    Zin [***...]
Gold:   148        SH:  7    Dex: 12 (14) Spells: 7/7 levels left

rFire   . . .        f - +6 dagger "Kuagoppao" {freeze, Will+ Str+5 Int+2}
rCold   . . .        c - +2 buckler
rNeg    . . .        b - +0 scale mail
rPois   .            d - +0 helmet
rElec   .            (no cloak)
rCorr   .            (no gloves)
SInv    .            n - +0 pair of boots
Will    ++...        (no amulet) Stlth
                     q - ring of willpower
HPRegen 0.29/turn    (no ring)
MPRegen 0.11/turn

%: no passive effects
@: no status effects
A: (nimble swimmer 2), mertail
a: Renounce Religion, Recite, Vitalisation, Imprison, Donate Gold


You were on level 6 of the Dungeon.
You worshipped Zin.
Zin was most pleased with you.
You visited 1 branch of the dungeon, and saw 6 of its levels.

You collected 272 gold pieces.
You donated 124 gold pieces to Zin.

Inventory:

Hand Weapons
 a - a +1 trident
 f - the +6 dagger "Kuagoppao" (weapon) {freeze, Will+ Str+5 Int+2}
   (You found it on level 2 of the Dungeon)

   Str+5:     It affects your strength (+5).
   Int+2:     It affects your intelligence (+2).
   Will+:     It increases your willpower.
 l - a +0 war axe of electrocution
Missiles
 o - 3 javelins
 v - 6 poisoned darts
 w - a curare-tipped dart
Armour
 b - a +0 scale mail (worn)
 c - a +2 buckler (worn)
 d - a +0 helmet (worn)
 n - a +0 pair of boots (worn)
Jewellery
 q - a ring of willpower (left hand)
Wands
 g - a wand of iceblast (6)
 r - a wand of flame (16)
 u - a wand of paralysis (7)
Scrolls
 j - 2 scrolls of blinking
 x - a scroll of enchant armour
 y - 2 scrolls of silence {unknown}
Potions
 e - 5 potions of curing
 h - a potion of cancellation
 i - 2 potions of heal wounds
 k - 2 potions of mutation


   Skills:
 - Level 3.2 Fighting
 + Level 11.9 Polearms
 - Level 2.1 Armour
 - Level 3.5 Dodging
 - Level 4.0 Shields


You had 7 spell levels left.
You didn't know any spells.
Your spell library contained the following spells:

 Spells                   Type           Power      Damage    Failure   Level
 Slow                     Hex            0%         N/A       86%         1
 Confusing Touch          Hex            0%         N/A       99%         3
 Sigil of Binding         Hex            0%         N/A       99%         3
 Vampiric Draining        Necr           0%         2d6       99%         3


Dungeon Overview and Level Annotations

Branches:
Dungeon (6/15)
 Temple: D:4-7

Altars:
Dithmenos
Fedhas
Ru
Wu Jian
Zin

Shops:
D:3 (:?   D:5 [

Annotations:
D:4 3 runed translucent doors, awesomeguy42's ghost, novice HuNe
D:5 exclusion: oklob plant
D:6 Maggie


Innate Abilities, Weirdness & Mutations

((You are very nimble when in or above water. (Stealth+, EV+, Speed+++)))
Your lower body shifts to a powerful aquatic tail in water.


Message History

You hit Maggie.
Maggie is almost dead.
Maggie casts a spell.
Maggie attempts to bespell you! You resist with almost no effort.
You closely miss Maggie.
Maggie is almost dead.
Maggie points at you and mumbles some strange words.
The bolt of fire hits you!!
* * * LOW HITPOINT WARNING * * *
You hit Maggie.
Maggie is almost dead.
Maggie hits you with the +9 lance "Wyrmbane" {slay drac, rPois rF+ rC+ AC+3}!
Zin protects you from harm!
You barely miss Maggie.
Maggie is almost dead.
Maggie casts a spell.
Maggie attempts to bespell you! You resist with almost no effort.
You closely miss Maggie.
Maggie is almost dead.
Maggie gestures wildly while chanting.
Maggie attempts to bespell you! You resist with almost no effort.
You hit Maggie but do no damage.
Maggie is almost dead.
Maggie hits you with the +9 lance "Wyrmbane" {slay drac, rPois rF+ rC+ AC+3}!
Zin protects you from harm!
You barely miss Maggie.
Maggie is almost dead.
Maggie barely misses you.
You hit Maggie but do no damage.
Maggie is almost dead.
Maggie hits you with the +9 lance "Wyrmbane" {slay drac, rPois rF+ rC+ AC+3}.
Zin protects you from harm!
You completely miss Maggie.
Maggie is almost dead.
Maggie closely misses you.
Okay, then.
You closely miss Maggie.
Maggie is almost dead.
Maggie hits you with the +9 lance "Wyrmbane" {slay drac, rPois rF+ rC+ AC+3}!
You die...

#. #...!.......#
#.##..########.#.#
#.#..## #.#.#
#<#..# #.#.#
##...# #.#.#
...#.# #.#.#
.###.# #.#.# .#
#.# #.#@# .# #.#
#.#@# .# #.#
#.#.###### ## .#
#..........
###.####### #.#
#.# #.. ###


You could see Maggie.

Vanquished Creatures
  Menkaure (D:5)
  A black bear (D:5)
  An ice beast (D:4)
  A kobold brigand (D:5)
  2 scorpions
  A howler monkey (D:5)
  An orc priest (D:5)
  4 hounds (D:5)
  3 jellies
  A sleepcap (D:5)
  Ijyb (D:5)
  4 orc wizards (D:5)
  5 iguanas
  3 gnolls (D:4)
  4 adders
  A white imp (D:6)
  A worm (D:4)
  3 dart slugs
  8 orcs
  6 endoplasms
  2 giant cockroaches (D:2)
  4 goblins
  6 hobgoblins
  2 jackals (D:4)
  22 kobolds
  3 quokkas
  4 ball pythons
  7 bats
  3 frilled lizards
105 creatures vanquished.

Notes
Turn   | Place    | Note
-------+----------+-------------------------------------------
     0 | D:1      | Hubris850 the Merfolk Fighter began the quest for the Orb.
     0 | D:1      | Reached XP level 1. HP: 18/18 MP: 1/1
   421 | D:1      | Reached skill level 3 in Polearms
   430 | D:1      | Reached skill level 1 in Dodging
   430 | D:1      | Reached XP level 2. HP: 24/24 MP: 2/2
   747 | D:2      | Identified the +6 dagger "Kuagoppao" {freeze, Will+ Str+5
                  | Int+2}
   896 | D:2      | Reached XP level 3. HP: 29/29 MP: 3/3
  1265 | D:2      | Found a faded altar of an unknown god.
  1285 | D:2      | Prayed at the altar of an unknown god.
  1285 | D:2      | Became a worshipper of Zin the Law-Giver
  1285 | D:2      | Reached * piety under Zin
  1285 | D:2      | Reached ** piety under Zin
  1776 | D:3      | Reached XP level 4. HP: 34/35 MP: 4/4
  1778 | D:3      | Reached skill level 4 in Polearms
  1809 | D:3      | Donated 97 gold pieces to Zin
  1907 | D:3      | Found Giblul's Weapon Boutique.
  1995 | D:3      | Found Testamme's Book Emporium.
  2268 | D:3      | Found Vaulelo's Magic Scroll Shoppe.
  2346 | D:4      | Found a runed translucent gate.
  2346 | D:4      | Noticed an orc warrior
  2346 | D:4      | Noticed awesomeguy42's ghost (novice HuNe)
  2347 | D:4      | Found a runed translucent gate.
  2348 | D:4      | Found a runed translucent gate.
  2349 | D:4      | Identified the +1 leather armour of Dangucup {rPois}
  2469 | D:4      | Noticed a scorpion
  2479 | D:4      | Killed a scorpion
  2480 | D:4      | Reached skill level 5 in Polearms
  2480 | D:4      | Reached XP level 5. HP: 40/41 MP: 5/5
  2632 | D:4      | Found an ornate altar of the Wu Jian Council.
  2663 | D:4      | Noticed an ice beast
  2672 | D:4      | Killed an ice beast
  2673 | D:4      | Reached skill level 6 in Polearms
  2673 | D:4      | Reached XP level 6. HP: 47/47 MP: 6/6
  2739 | D:4      | Found a sacrificial altar of Ru.
  2751 | D:4      | Found a shadowy altar of Dithmenos.
  2842 | D:4      | Reached skill level 7 in Polearms
  3271 | D:5      | Entered Level 5 of the Dungeon
  3316 | D:5      | Reached skill level 8 in Polearms
  3316 | D:5      | Reached XP level 7. HP: 52/52 MP: 7/7
  3328 | D:5      | Noticed Menkaure
  3335 | D:5      | HP: 1/52 [Menkaure (19)]
  3339 | D:5      | Killed Menkaure
  3340 | D:5      | Reached skill level 9 in Polearms
  3641 | D:5      | Noticed Ijyb
  3649 | D:5      | Killed Ijyb
  3819 | D:5      | Identified the +0 whip of Law {pain, rC- Int+6}
  3992 | D:5      | Reached skill level 10 in Polearms
  4128 | D:5      | Reached XP level 8. HP: 53/58 MP: 8/8
  4185 | D:5      | Found a blossoming altar of Fedhas.
  4186 | D:5      | Reached skill level 11 in Polearms
  4337 | D:5      | Noticed an oklob plant
  4650 | D:5      | Reached *** piety under Zin
  4893 | D:5      | Found Rimm's Armour Emporium.
  5603 | D:6      | Noticed Maggie
  5632 | D:6      | HP: 1/58 [Maggie/bolt of fire (23)]
  5633 | D:6      | Zin protects you from harm!
  5636 | D:6      | Zin protects you from harm!
  5638 | D:6      | Zin protects you from harm!
  5640 | D:6      | Mangled by Maggie

Illustrated notes

Levels and vault maps discovered:
D:1:      dpeg_arrival_arbitrary_c, layout_loops_corners
D:2:      layout_basic, shapermc_ecumenical_altar_totnotflames
D:3:      layout_rooms, serial_shops, shop, shop, nicolae_shop_rolled_up,
          minmay_misc_feat_square, minmay_misc_feat_nine_boxes
D:4:      layout_rooms, nicolae_dithmenos_shadow_blocks,
          nicolae_wu_jian_wuxing_cycle, nicolae_ru_the_path_less_chosen,
          biasface_ghost_orc_armoury, serial_corexii_hall,
          corexii_hall_statues_l, corexii_hall_statues_t,
          chequers_hall_statues_corner_a, corexii_hall_statues_x
D:5:      kennysheep_kobold_camp, layout_loops_cross, tgw_fedhas, serial_shops,
          kennysheep_mini, uniq_ijyb, uniq_menkaure
D:6:      layout_basic, zin_angel, cheibrodos_sewer_entry_bend, uniq_eustachio,
          uniq_blork_the_orc, uniq_maggie

Skill      XL: |  1  2  3  4  5  6  7  8 |
---------------+-------------------------+-----
Polearms       | 3 5 6 8 10 11 | 11.9
Dodging        | 1 2 3 |  3.5
Shields        | 4 |  4.0
Fighting       | |  3.2
Armour         | |  2.1

Action                     |  1- 3 |  4- 6 |  7- 9 || total
---------------------------+-------+-------+-------++-------
  Melee: Trident           |    20 |       |       ||    20
         Dagger            |    41 |    99 |   177 ||   317
  Throw: Javelin           |       |     7 |       ||     7
 Invoke: Donate Gold       |       |     1 |       ||     1
  Evoke: Wand              |       |     3 |    14 ||    17
    Use: Scroll            |     6 |     5 |     1 ||    12
         Potion            |       |       |     8 ||     8
   Stab: Paralysed         |       |       |    13 ||    13
 Armour: Scale mail        |    30 |    56 |    96 ||   182
  Dodge: Dodged            |    17 |    44 |    54 ||   115
  Block: Buckler           |    19 |    31 |    50 ||   100

Table legend: (Time is in decaauts)
 A = Elapsed time spent in this place.
 B = Non-inter-level travel time spent in this place.
 C = Inter-level travel time spent in this place.
 D = Time resting spent in this place.
 E = Time spent auto-exploring this place.
 F = Levels seen in this place.
 G = Mean time per level.
                   A        B        C        D        E       F      G
               +--------+--------+--------+--------+--------+-----+--------+
         Total |   5653 |   5456 |    197 |    789 |   3740 |   6 |  942.2 |
       Dungeon |   5653 |   5456 |    197 |    789 |   3740 |   6 |  942.2 |
               +--------+--------+--------+--------+--------+-----+--------+

Top non-repeatable levels by time:
     D:5: 2000 daAuts
     D:2: 966 daAuts
     D:4: 941 daAuts
     D:1: 748 daAuts
     D:3: 623 daAuts
     D:6: 374 daAuts
